Map: 锈化山巅-天梯版

Players

LeGuoGo

  • Race: Zerg Zerg
  • League: Diamond

個性非凡 - Winner!

  • Race: Terran Terran
  • League: Diamond

VOD

Have the link to the VOD?

Description

Time

  • Played on: Oct. 22, 2020, 9:45 a.m.
  • Length: 8:31
Show
View Real Time Build Order
Export as new Build Order

LeGuoGo Zerg 

Build Orders: Hatch First, Muta Ling Bane 

Get SALT Encoding   

  12  0:00  Drone  
  13  0:08  Drone  
  14  0:16  Overlord  
  14  0:35  Drone x3  
  17  0:47  Drone  
  18  0:56  Hatchery  
  17  0:59  Drone  
  17  1:02  Extractor  
  17  1:07  Drone  
  18  1:18  Spawning Pool  
  18  1:20  Drone  
  18  1:29  Drone  
  19  1:39  Overlord  
  19  1:50  Drone  
  20  2:01  Drone  
  20  2:04  Metabolic Boost  
  20  2:06  Queen  
  23  2:10  Zergling x2, Queen  
  23  2:14  Zergling x2  
  28  2:22  Zergling x2  
  28  2:23  Zergling x2  
  29  2:30  Drone  
  29  2:33  Drone  
  31  2:41  Drone, Evolution Chamber  
  31  2:57  Drone, Lair  
  31  2:58  Drone  
  33  2:59  Extractor  
  33  3:00  Drone  
  33  3:02  Queen  
  35  3:06  Drone  
  35  3:10  Overlord  
  34  3:27  Zergling x6  
  34  3:28  Overlord  
  34  3:29  Overlord  
  35  3:37  Zerg Melee Weapons Level 1  
  35  3:38  Zergling x4  
  35  3:39  Zergling x2  
  38  3:43  Zergling x2  
  38  3:46  Zergling x2  
  40  3:49  Zergling x4  
  42  4:00  Drone  
  43  4:11  Drone x2, Spire  
  43  4:12  Drone x2  
  43  4:15  Drone  
  43  4:37  Baneling Nest  
  43  4:38  Drone x3  
  43  4:39  Drone x4  
  43  4:40  Drone  
  50  4:47  Extractor  
  50  4:49  Extractor  
  48  5:02  Hatchery  
  48  5:03  Spore Crawler  
  48  5:06  Zergling x8  
  51  5:07  Zergling x2  
  51  5:13  Zergling x6  
  54  5:24  Centrifical Hooks  
  54  5:30  Baneling x2  
  54  5:31  Baneling x6  
  54  5:32  Baneling x2  
  54  5:35  Zergling x4  
  56  5:41  Zergling x4  
  58  5:48  Spore Crawler  
  57  5:50  Spine Crawler  
  56  6:06  Overlord x2  
  56  6:07  Overlord  
  56  6:16  Zerg Flyer Weapons Level 1  
  56  6:18  Mutalisk  
  58  6:37  Hatchery  
  57  6:43  Mutalisk  
  57  6:44  Spine Crawler  
  57  6:46  Mutalisk  
  60  6:53  Mutalisk  
  62  6:58  Drone x2  
  61  7:11  Mutalisk  
  61  7:12  Mutalisk  
  65  7:22  Mutalisk x2  
  69  7:36  Mutalisk  
  71  7:37  Drone x2  
  73  7:45  Queen  
  73  7:50  Drone  
  76  7:51  Drone  
Show
View Real Time Build Order
Export as new Build Order

個性非凡 Terran - Winner!

Build Orders: Reaper Expand 

Get SALT Encoding   

  12  0:00  SCV  
  13  0:12  SCV  
  14  0:18  Supply Depot  
  14  0:24  SCV  
  15  0:39  SCV  
  15  0:42  Barracks  
  16  0:44  Refinery  
  16  0:51  SCV  
  17  1:03  SCV  
  18  1:16  SCV  
  19  1:28  Orbital Command  
  19  1:29  Reaper  
  20  1:40  Command Center  
  20  1:53  Barracks  
  20  1:56  SCV  
  21  2:02  Barracks Reactor  
  21  2:08  SCV  
  21  2:10  Refinery  
  21  2:13  Supply Depot  
  22  2:23  Factory  
  22  2:25  SCV  
  23  2:37  SCV  
  23  2:38  Marine x2  
  23  2:40  Barracks Tech Lab  
  26  2:49  SCV  
  27  2:55  Orbital Command  
  27  2:59  Stimpack  
  27  3:00  Marine  
  27  3:04  Marine  
  29  3:12  SCV  
  30  3:15  Starport  
  30  3:23  Marine  
  30  3:24  Marine x2  
  31  3:29  Factory Reactor  
  31  3:37  SCV  
  31  3:39  SCV  
  33  3:41  Marine x2  
  33  3:44  Marine  
  36  3:49  SCV  
  36  3:55  Supply Depot  
  37  3:57  SCV  
  37  3:59  Marine  
  37  4:00  Marine  
  37  4:02  Marine  
  41  4:13  SCV x2  
  43  4:17  Medivac x2  
  43  4:25  SCV  
  43  4:30  Marine x2  
  43  4:32  SCV  
  43  4:37  SCV  
  45  4:40  Supply Depot  
  45  4:41  Engineering Bay  
  45  4:44  SCV  
  46  4:47  Engineering Bay  
  46  4:49  SCV  
  47  4:56  Marine, SCV, Combat Shield  
  47  4:57  Marine x2  
  51  5:00  Factory Tech Lab  
  51  5:06  SCV  
  52  5:08  SCV  
  52  5:13  Supply Depot  
  53  5:20  Terran Infantry Weapons Level 1, Refinery  
  53  5:21  Terran Infantry Armor Level 1, Refinery, Marine  
  53  5:28  Marine x2  
  55  5:34  SCV  
  57  5:38  Barracks  
  57  5:39  Marine  
  57  5:40  SCV  
  59  5:46  Marine  
  59  5:48  Siege Tank  
  59  5:49  Marine  
  64  5:57  Marine  
  64  6:04  Marine, SCV  
  66  6:06  Marine  
  66  6:08  Supply Depot  
  66  6:10  Supply Depot  
  68  6:17  Command Center, Marine  
  69  6:21  SCV  
  70  6:30  Siege Tank, SCV  
  70  6:31  Marine  
  75  6:37  Medivac  
  77  6:41  Marauder  
  77  6:45  Supply Depot, SCV  
  80  6:55  SCV  
  81  7:12  Missile Turret  
  81  7:13  Missile Turret  
  81  7:15  SCV  
  82  7:18  Marine x2  
  82  7:19  Marauder  
  86  7:25  Marine x2, Armory  
  86  7:26  SCV  
  89  7:31  Starport Reactor  
  89  7:36  Marine x2  
  91  7:37  Orbital Command  
  91  7:39  Marine  
  91  7:41  SCV  
  91  7:42  Marine, SCV, Concussive Shells  
  91  7:43  Marine  
  96  7:53  Marine  
  96  7:54  Marine  
  96  7:58  Marauder  
  100  8:00  Marine x2  
  101  8:11  Marine  
Tags
 
Add a new tag
Caveats
  • Supply blocks, unpowered buildings, or Contaminate may cause inaccurate times.
  • Supply counts are checked every 10 seconds.